 Dungeon Crawl Stone Soup version 0.31.0-4-g52a2dc7128 (webtiles) character file.

Game seed: 5580337693644014350

2956 Persephone the Grappler (level 9, -5/72 HPs)
             Began as a Vine Stalker Berserker on Jan 22, 2024.
             Was a Priest of Trog.
             Slain by a vault guard
             ... wielding a +0 broad axe
              (9 damage)
             ... in a bailey.
             The game lasted 00:10:54 (4999 turns).

Persephone the Grappler (Vine Stalker Berserker)    Turns: 4999, Time: 00:10:54

Health: -5/72      AC: 10    Str: 24    XL:     9   Next: 81%
Magic:  0/10       EV:  9    Int:  7    God:    Trog [***...]
Gold:   401        SH:  5    Dex: 14    Spells: 8/8 levels left

rFire   . .          .
                       - Unarmed
rCold   + . .        j - +0 buckler
rNeg    . . .        m - +1 chain mail {rC+}
rPois   .            (no helmet)
rElec   .            (no cloak)
rCorr   .            (no gloves)
SInv    .            (no boots)
Will    +++..        (no amulet) Stlth
                     (no ring)
HPRegen 2.12/turn    (no ring)
MPRegen 0.12/turn

%: guardian spirit
@: berserking, strong-willed (expiring), regenerating (expiring), very quick
A: fangs 3, regeneration 1, magic shield, antimagic bite, no potion heal 2
a: Renounce Religion, Berserk, Trog's Hand


You were in a bailey.
You worshipped Trog.
Trog was most pleased with you.
You visited 1 branch of the dungeon, and saw 7 of its levels.
You also visited: Bailey.

You collected 401 gold pieces.

Inventory:

Armour
 j - a +0 buckler (worn)
 m - a +1 chain mail of cold resistance (worn)
Wands
 i - a wand of polymorph (16)
 q - a wand of paralysis (19)
 r - a wand of digging (7)
 t - a wand of mindburst (21)
Scrolls
 c - 2 scrolls of enchant weapon
 e - 2 scrolls of silence
 f - 3 scrolls of teleportation
 g - a scroll of blinking
 o - 2 scrolls of fog
Potions
 a - 3 potions of curing
 b - 2 potions of heal wounds
 d - 3 potions of lignification
 h - 2 potions of magic {unknown}
 l - 3 potions of attraction {unknown}
 p - 2 potions of berserk rage {unknown}
 s - a potion of cancellation {unknown}
 u - a potion of ambrosia {unknown}
 v - a potion of degeneration {unknown}
 w - a potion of resistance {unknown}


   Skills:
 + Level 6.1 Fighting
 + Level 5.1 Armour
 - Level 1.5 Dodging
 - Level 5.0 Shields
 * Level 9.2 Unarmed Combat


You had 8 spell levels left.
You didn't know any spells.
Your spell library was empty.

Dungeon Overview and Level Annotations

Branches:
Dungeon (7/15)             Temple (0/1) D:7          Bailey (1/1)

Altars:
Gozag
Kikubaaqudgha
Qazlal
Trog
Uskayaw
Xom
Yredelemnul
Zin
The Shining One

Shops:
D:3 [

Annotations:
Bailey Prince Ribbit


Innate Abilities, Weirdness & Mutations

You have razor-sharp teeth.
Your natural rate of healing is unusually fast.
When hurt, damage is shared between your health and your magic reserves.
Your bite disrupts and absorbs the magic of your enemies.
Potions cannot restore your health.


Message History

Prince Ribbit is moderately wounded.
Prince Ribbit lets out a mournful croak.
Prince Ribbit closely misses you.
You hit Prince Ribbit. Your bite misses Prince Ribbit.
Prince Ribbit is moderately wounded.
A red film seems to cover your vision as you go berserk!
You feel yourself moving faster!
You feel mighty!
You hit the vault guard.
The vault guard is lightly wounded.
The vault guard hits you with a +0 broad axe!
You punch the vault guard! You bite the vault guard! You drain its power.
You feel invigorated.
The vault guard is moderately wounded.
You block Prince Ribbit's attack.
You punch the vault guard!
The vault guard is heavily wounded.
You feel the effects of Trog's Hand fading.
The vault guard hits you with a +0 broad axe!!
* * * LOW HITPOINT WARNING * * *
You hit the vault guard but do no damage.
You bite the vault guard! You drain its power.
You feel invigorated.
The vault guard is heavily wounded.
Prince Ribbit hits you!
* * * LOW HITPOINT WARNING * * *
You hit the vault guard but do no damage.
You bite the vault guard. You drain its power.
You feel invigorated.
The vault guard is heavily wounded.
You block Prince Ribbit's attack.
The vault guard hits you with a +0 broad axe!
* * * LOW HITPOINT WARNING * * *
You punch the vault guard! Your bite misses the vault guard.
The vault guard is severely wounded.
Prince Ribbit hits you.
* * * LOW HITPOINT WARNING * * *
You are too berserk!
You barely miss the vault guard. You bite the vault guard. You drain its power.
You feel invigorated.
The vault guard is severely wounded.
The vault guard hits you with a +0 broad axe!
You die...

~~~~+ ~~~~# ~~~##
####### #####
###≈≈≈≈≈###
)...#+##≈≈~~~~~≈≈##
).....#≈~~~~~~~~~≈##
).....##≈~~~~~~~~~≈#
.#######≈~.......~#
##..#≈≈≈~.~.....@#
.#..#..).......Fp#
.#..)..)~~~...~~.'.F∩...
....#~~≈≈≈≈~~~~..#...p.?
....#≈≈####≈≈~...##....?
######## ###≈~..~######
##≈.~~~# #≈.~~## #≈.~##


You could see a vault guard and Prince Ribbit (magic disrupted).

Vanquished Creatures
  Pikel (D:5)
  3 humans (Bailey)
  A water moccasin (D:6)
  3 ice beasts (D:5)
  An orc warrior (D:7)
  A black bear (D:4)
  An ogre (D:4)
  7 bullfrogs
  4 scorpions
  A howler monkey (D:5)
  A bombardier beetle (D:4)
  2 orc priests
  2 hounds
  A jelly (D:5)
  2 sleepcaps
  6 iguanas
  2 orc wizards
  A hound skeleton (D:3)
  A howler monkey zombie (D:3)
  9 adders
  2 gnolls (Bailey)
  A shadow imp (D:5)
  A white imp (D:5)
  2 ufetubi (D:6)
  An adder zombie (D:3)
  3 adder skeletons (D:3)
  2 ribbon worms
  3 dart slugs
  14 orcs
  6 ball pythons
  8 bats
  7 endoplasms
  7 giant cockroaches
  12 goblins
  17 hobgoblins
  A quokka (D:2)
  2 ball python skeletons (D:3)
  A ball python zombie (D:3)
  5 frilled lizards
  5 kobolds
  6 rats
156 creatures vanquished.

Notes
Turn   | Place    | Note
-------+----------+-------------------------------------------
     0 | D:1      | Persephone the Vine Stalker Berserker began the quest for
                  | the Orb.
     0 | D:1      | Reached XP level 1. HP: 11/11 MP: 2/2
    69 | D:1      | Reached XP level 2. HP: 13/16 MP: 3/3
   452 | D:1      | Reached XP level 3. HP: 20/20 MP: 4/4
   664 | D:1      | Found a faded altar of an unknown god.
   726 | D:1      | Reached ** piety under Trog
  1002 | D:2      | Reached skill level 4 in Unarmed Combat
  1105 | D:2      | Reached XP level 4. HP: 24/24 MP: 5/5
  1388 | D:3      | Found Bedwogec's Antique Armour Shoppe.
  1627 | D:3      | Reached XP level 5. HP: 28/28 MP: 6/6
  1786 | D:3      | Found an opulent altar of Gozag.
  1796 | D:3      | Reached skill level 1 in Shields
  2429 | D:4      | Noticed a black bear
  2432 | D:4      | Noticed an ogre
  2436 | D:4      | Killed a black bear
  2437 | D:4      | Reached skill level 5 in Unarmed Combat
  2437 | D:4      | Reached XP level 6. HP: 33/33 MP: 4/7
  2628 | D:4      | Reached *** piety under Trog
  2692 | D:4      | Found a basalt altar of Yredelemnul.
  2692 | D:4      | Found a stormy altar of Qazlal.
  2699 | D:4      | Found a bloodstained altar of Trog.
  2701 | D:4      | Found a hide-covered altar of Uskayaw.
  2707 | D:4      | Found a shimmering altar of Xom.
  2710 | D:4      | Found a glowing golden altar of the Shining One.
  2713 | D:4      | Found an ancient bone altar of Kikubaaqudgha.
  2719 | D:4      | Found a glowing silver altar of Zin.
  2725 | D:4      | Reached XP level 7. HP: 37/37 MP: 3/8
  3251 | D:4      | Reached skill level 6 in Unarmed Combat
  3578 | D:5      | Entered Level 5 of the Dungeon
  3675 | D:5      | Gained mutation: You have razor-sharp teeth. [Vine Stalker
                  | growth]
  3675 | D:5      | Reached XP level 8. HP: 42/42 MP: 9/9
  3763 | D:5      | Noticed Pikel
  3776 | D:5      | Killed Pikel
  3777 | D:5      | Reached skill level 5 in Fighting
  3777 | D:5      | Reached skill level 7 in Unarmed Combat
  4155 | D:6      | Reached XP level 9. HP: 47/47 MP: 10/10
  4315 | D:6      | Reached skill level 8 in Unarmed Combat
  4837 | D:7      | Found a flagged portal.
  4852 | Bailey   | Entered a bailey
  4947 | Bailey   | Reached skill level 5 in Armour
  4953 | Bailey   | Reached skill level 9 in Unarmed Combat
  4964 | Bailey   | Reached skill level 5 in Shields
  4981 | Bailey   | Noticed Prince Ribbit
  4981 | Bailey   | Noticed a vault guard
  4997 | Bailey   | HP: 3/72 [vault guard/+0 broad axe (9)]
  4999 | Bailey   | Slain by a vault guard

Illustrated notes

Levels and vault maps discovered:
D:1:      dpeg_arrival_tiny_j, layout_basic, basic_ecumenical_altar,
          minmay_misc_feat_nine_boxes
D:2:      kb_forest_paths, layout_rooms, glass_columns_c
D:3:      layout_basic, overflow_temple_1_default, serial_shops, shop,
          serial_undead, serial_undead_a, serial_undead_c, serial_undead_a,
          serial_undead_f, roderic_serpentine_path, minivault_4,
          grunt_ministairs_15, kennysheep_generic_room_15
D:4:      layout_loops_corners, nicolae_overflow_hallway_of_the_gods,
          minmay_misc_feat_more_columns, wad_rectangle_vault
D:5:      layout_cave_pools, uniq_pikel
D:6:      layout_loops_ring, minmay_misc_feat_columns
D:7:      layout_loops_corners, minmay_temple_entry_poolview, enter_bailey_3,
          nicolae_beast_mode
Bailey:   bailey_axe_froggy_fort_hellmonk, bailey

Skill      XL: |  1  2  3  4  5  6  7  8  9 |
---------------+----------------------------+-----
Fighting       | 3 4 5 6 |  6.1
Armour         | 2 3 4 5 |  5.1
Unarmed Combat | 4 5 6 7 9 |  9.2
Shields        | 1 2 3 4 5 |  5.0
Dodging        | |  1.5

Action                     |  1- 3 |  4- 6 |  7- 9 || total
---------------------------+-------+-------+-------++-------
  Melee: Unarmed           |   103 |   156 |   258 ||   517
         Bite              |    13 |    34 |    81 ||   128
         Punch             |     1 |       |       ||     1
 Invoke: Berserk           |       |     3 |     3 ||     6
         Trog's Hand       |       |       |     8 ||     8
    Use: Scroll            |       |     7 |     4 ||    11
   Stab: Sleeping          |     2 |       |       ||     2
         Distracted        |     1 |       |       ||     1
 Armour: Animal skin       |    40 |       |       ||    40
         Ring mail         |     8 |     6 |       ||    14
         Chain mail        |       |    97 |   168 ||   265
  Dodge: Dodged            |    52 |    52 |    81 ||   185
  Block: Buckler           |     4 |    22 |    44 ||    70
